 Dungeon Crawl Stone Soup version 0.19-b1-4-gd8a0a2a (webtiles) character file.

558 sleepydude the Shield-Bearer (level 7, -4/66 HPs)
             Began as a Deep Dwarf Fighter on Oct 30, 2016.
             Was an Initiate of Makhleb.
             Slain by Menkaure (18 damage)
             ... on level 5 of the Dungeon.
             The game lasted 00:08:06 (3317 turns).

sleepydude the Shield-Bearer (Deep Dwarf Fighter)   Turns: 3317, Time: 00:08:06

Health: -4/66      AC: 13    Str: 21    XL:     7   Next: 9%
Magic:  7/7        EV:  5    Int:  9    God:    Makhleb [......]
Gold:   265        SH: 10    Dex: 12    Spells: 0 memorised, 6 levels left

rFire  + . .     SeeInvis .     a - +1 flail
rCold  x . .     Gourm    .     k - +0 chain mail
rNeg   . . .     Faith    .     c - +0 shield
rPois  .         Spirit   .     r - +0 helmet
rElec  .         Reflect  .     u - +0 cloak
rCorr  .         Harm     .     (no gloves)
MR     +....                    i - +0 pair of boots
Stlth  ..........               (no amulet)
                                p - ring of fire
                                (no ring)

@: non-regenerating
A: damage resistance, recharge devices, sense surroundings 1, slow regeneration
3
a: Device Recharging, Renounce Religion


You were on level 5 of the Dungeon.
You worshipped Makhleb.
Makhleb was noncommittal.
You were hungry.

You visited 2 branches of the dungeon, and saw 6 of its levels.

You collected 265 gold pieces.

Inventory:

Hand Weapons
 a - a +1 flail (weapon)
Armour
 c - a +0 shield (worn)
 i - a +0 pair of boots (worn)
 k - a +0 chain mail (worn)
 r - a +0 helmet (worn)
 u - a +0 cloak (worn)
Jewellery
 p - a ring of fire (right hand)
Wands
 e - a wand of heal wounds (2/9)
 v - a wand of lightning (13/15)
Scrolls
 b - a scroll of fear {unknown}
 j - a scroll of teleportation {unknown}
 m - a scroll of remove curse {@r2}
 o - 4 scrolls of random uselessness {unknown}
 q - 2 scrolls of recharging {unknown}
Potions
 h - a potion of mutation {unknown}
 l - 3 potions of lignification {unknown}
 s - a potion of heal wounds {unknown}
 w - a potion of magic {unknown}
Comestibles
 d - 3 chunks of flesh
 f - 2 bread rations
 n - 3 meat rations


   Skills:
 + Level 4.4 Fighting
 + Level 4.1 Maces & Flails
 + Level 5.1 Armour
 + Level 5.3 Shields


You had 6 spell levels left.
You didn't know any spells.

Dungeon Overview and Level Annotations

Branches:
Dungeon (5/15)             Temple (1/1) D:4

Altars:
Ashenzari
Cheibriados
Dithmenos
Fedhas
Gozag
Hepliaklqana
Kikubaaqudgha
Makhleb
Nemelex Xobeh
Okawaru
Qazlal
Ru
Sif Muna
Trog
Uskayaw
Vehumet
Xom
Yredelemnul
Zin

Annotations:
D:5 Menkaure


Innate Abilities, Weirdness & Mutations

You are resistant to damage.
You can recharge devices by infusing magical energy.
You passively map a small area around you.
You do not regenerate.


Message History

Pain shoots through your body!
You hit Menkaure.
Menkaure is heavily damaged.
You block Menkaure's attack.
You barely miss Menkaure.
Menkaure is heavily damaged.
Menkaure mumbles some strange words.
Menkaure barely misses you.
You hit Menkaure.
Menkaure is severely damaged.
Menkaure hits you.
You closely miss Menkaure.
Menkaure is severely damaged.
Menkaure hits you!
* * * LOW HITPOINT WARNING * * *
Menkaure barely misses you.
You barely miss Menkaure.
Menkaure is severely damaged.
Menkaure hits you!!
You die...

* * #.....#.#
#...?.#.# *
#.....#.## ,
####.....#..+,,,
, ..........#*
#######.#.# * *
#....#.# ,
#######.####.###
#..........@M..#
*#.#####.####.#.#
, , #.....<#.#.#
* * *#...####.# #
#............#,
############## ,
, , , *** * ** ,
,, , ,


You could see Menkaure.

Vanquished Creatures
  The ghost of emerson the Cutter, an amateur KoBe of Trog (D:4)
  A vampire bat (D:4)
  A hound (D:4)
  A bullfrog skeleton (D:4)
  An orc priest (D:4)
  A centaur skeleton (D:3)
  An orc wizard (D:4)
  Crazy Yiuf (D:2)
  A worker ant (D:4)
  6 adders
  3 oozes
  4 worms
  2 dart slugs
  2 leopard geckos
  4 orcs
  A bat skeleton (D:4)
  4 bat zombies (D:4)
  4 giant cockroaches
  4 goblins
  7 hobgoblins
  6 jackals
  A quokka (D:3)
  6 bats
  3 frilled lizards (D:2)
  6 kobolds
  7 rats
79 creatures vanquished.

Notes
Turn   | Place    | Note
-------+----------+-------------------------------------------
     0 | D:1      | sleepydude the Deep Dwarf Fighter began the quest for the Orb.
     0 | D:1      | Reached XP level 1. HP: 20/20 MP: 1/1
   171 | D:1      | Reached XP level 2. HP: 22/27 MP: 2/2
   735 | D:2      | Reached XP level 3. HP: 25/34 MP: 3/3
  1379 | D:2      | Found a runed door.
  1524 | D:2      | Noticed Crazy Yiuf
  1531 | D:2      | Killed Crazy Yiuf
  1531 | D:2      | Reached XP level 4. HP: 22/42 MP: 4/4
  1851 | D:3      | Reached XP level 5. HP: 25/50 MP: 5/5
  2547 | D:4      | Reached XP level 6. HP: 28/57 MP: 6/6
  2556 | D:4      | Noticed emerson's ghost (amateur KoBe)
  2572 | D:4      | Killed emerson's ghost
  2572 | D:4      | Reached skill level 5 in Shields
  2575 | D:4      | Found a staircase to the Ecumenical Temple.
  2585 | Temple   | Entered the Ecumenical Temple
  2722 | Temple   | Became a worshipper of Makhleb the Destroyer
  2773 | D:4      | Reached skill level 5 in Armour
  3187 | D:4      | Found an ancient bone altar of Kikubaaqudgha.
  3197 | D:4      | Reached XP level 7. HP: 52/66 MP: 7/7
  3251 | D:5      | Entered Level 5 of the Dungeon
  3290 | D:5      | Noticed Menkaure
  3317 | D:5      | Slain by Menkaure

Skill      XL: |  1  2  3  4  5  6 |
---------------+-------------------+-----
Fighting       | 3 4 |  4.4
Armour         | 4 5 |  5.1
Maces & Flails | 3 4 |  4.1
Shields        | 4 5 |  5.3

Action                   |  1- 3 |  4- 6 |  7- 9 || total
-------------------------+-------+-------+-------++-------
Melee: Flail             |   117 |   179 |    32 ||   328
Evoke: Wand              |       |     2 |     1 ||     3
  Use: Scroll            |     1 |     3 |       ||     4
       Potion            |     1 |     2 |       ||     3
  Eat: Chunk             |     2 |     6 |       ||     8
Armor: Scale mail        |     6 |       |       ||     6
       Chain mail        |    64 |    98 |    16 ||   178
Dodge: Dodged            |    19 |    33 |     4 ||    56
Block: Shield            |    62 |    95 |    16 ||   173
